 Dungeon Crawl Stone Soup version 0.31-a0-920-g28cbb04a8c (webtiles) character file.

Game seed: 2009769277412529462

2037 Gergoth the Cleaver (level 9, 0/82 HPs)
             Began as a Hill Orc Monk on Oct 17, 2023.
             Was a Priest of Beogh.
             Shot with a sling bullet by Joseph (9 damage)
             ... on level 10 of the Dungeon.
             The game lasted 00:16:35 (7119 turns).

Gergoth the Cleaver (Hill Orc Monk)                 Turns: 7119, Time: 00:16:36

Health: 0/82       AC: 13    Str: 18    XL:     9   Next: 24%
Magic:  6/12       EV:  7    Int: 14    God:    Beogh [***...]
Gold:   493        SH:  5    Dex: 14    Spells: 8/8 levels left

rFire   . . .        a - +0 hand axe
rCold   . . .        d - orb {light}
rNeg    + . .        k - +0 plate armour
rPois   .            o - +1 hat {SInv}
rElec   .            (no cloak)
rCorr   .            (no gloves)
SInv    +            (no boots)
Will    .....        g - amulet "Fovohiw" {Reflect rN+ Int+4 Dex-5 SH+5} Stlth
                     y - +6 ring of dexterity
HPRegen 0.33/turn    (no ring)
MPRegen 0.13/turn

%: reflection
@: glowing
A: no striking features
a: Renounce Religion, Smiting


You were on level 10 of the Dungeon.
You worshipped Beogh.
Beogh was most pleased with you.
You visited 1 branch of the dungeon, and saw 10 of its levels.

You collected 493 gold pieces.

Inventory:

Hand Weapons
 a - a +0 hand axe (weapon)
Missiles
 w - 3 atropa-tipped darts
 x - 3 javelins
Armour
 d - an orb of light (worn)
 f - a +0 kite shield
 h - a +0 helmet
 k - a +0 plate armour (worn)
 o - a +1 hat of see invisible (worn)
 D - a +0 chain mail
Jewellery
 b - an amulet of the acrobat
 g - the amulet "Fovohiw" (around neck) {Reflect rN+ Int+4 Dex-5 SH+5}
   (You found it on level 8 of the Dungeon)

   [amulet of reflection]

   Reflect:   It reflects blocked missile attacks.
   Int+4:     It affects your intelligence (+4).
   Dex-5:     It affects your dexterity (-5).
   rN+:       It protects you from negative energy.
   SH+5:      It affects your SH (+5).
 y - a +6 ring of dexterity (left hand)
Wands
 m - a wand of charming (16)
Scrolls
 l - 2 scrolls of poison
 p - 2 scrolls of immolation
 t - a scroll of vulnerability
 u - a scroll of amnesia
 A - a scroll of blinking
Potions
 c - 2 potions of ambrosia
 e - a potion of mutation
 i - 3 potions of curing
 j - 2 potions of might
 q - a potion of enlightenment {unknown}
 v - a potion of cancellation {unknown}
 z - a potion of brilliance {unknown}
 B - a potion of lignification {unknown}


   Skills:
 * Level 8.4 Fighting
 * Level 9.3 Axes
 + Level 4.8 Armour
 + Level 4.4 Dodging
 + Level 5.0 Invocations


You had 8 spell levels left.
You didn't know any spells.
Your spell library contained the following spells:

 Spells                   Type           Power      Damage    Failure   Level
 Necrotise                Necr           0%         1d4       100%        1
 Lesser Beckoning         Tloc           0%         N/A       100%        2
 Gell's Gravitas          Tloc           0%         N/A       100%        3
 Teleport Other           Tloc           0%         N/A       100%        3
 Vampiric Draining        Necr           0%         2d6       100%        3
 Agony                    Necr           0%         N/A       100%        5


Dungeon Overview and Level Annotations

Branches:
Dungeon (10/15)            Temple (0/1) D:6
   Lair: D:8-11         Orc: D:9-12

Altars:
Gozag
Kikubaaqudgha
Ru
Vehumet

Shops:
D:6 [

Annotations:
D:10 Joseph, Urug


Message History

Smite: Joseph, wielding a +0 sling and wearing a +3 ring mail of positive energy (lightly wounded)
You smite Joseph!
Joseph is moderately wounded.
The yak barely misses your yak. The yak gores your yak.
Joseph shoots a sling bullet.
The sling bullet hits your yak.
Your yak gores the orc warrior!
Your yak gores the yak but does no damage.
Aiming: Smiting
Press: ? - help, Dir - move target, f - orc warrior, p - Joseph Smite: an orc warrior, wielding a +0 dire flail and wearing a +0 chain mail (heavily wounded, haloed)
You smite the orc warrior!!
You kill the orc warrior!
Beogh accepts your kill.
The yak gores your yak! x2; Joseph shoots a sling bullet.
The sling bullet hits your yak!!
Your yak gores the yak!!
Your yak barely misses the yak.
The yak gores your yak! x2
Your yak dies!
Your yak's corpse dissolves into shadows!
Joseph shoots a sling bullet.
The sling bullet barely misses your yak.
You block the sling bullet with an invisible shield... and reflect it back!
The sling bullet hits your yak!
Your yak gores Joseph!
Your yak gores the yak!
You feel better. The yak gores your yak.
Urug the Orcish Ballista comes into view.
She is wielding a +2 battleaxe.
Joseph shoots a sling bullet.
The sling bullet barely misses your yak.
The sling bullet hits you!
* * * LOW HITPOINT WARNING * * *
Your yak gores the yak!
Your yak gores the yak.
Okay, then.
Okay, then.
Aiming: Charm
Press: ? - help, Shift-Dir - straight line, f - Joseph
Aim: Joseph, wielding a +0 sling and wearing a +3 ring mail of positive energy (heavily wounded, ally target, chance to affect: 31%) Joseph easily resists.
The yak gores your yak. The yak gores your yak!
Your yak dies!
Your yak's corpse dissolves into shadows!
Joseph shoots a sling bullet.
The sling bullet hits you!
You die...

#......# #.=...>#####
#.##.. #.##.# #
#.##.##.# #####
#.......########
##...######.####Yo.YD.#
# #......# #.# #Y####.#
# .......####.#
#@.Y.#.#### #
#...........#
#..)......########
.).....######
#..Y.#.##oD.o.....
#......#
#.#.##.###########
#.#+#.## #$o@Y..# # #.#
#.## ###.#### # #.#
#..# .# # ..# #..# .##
##.## ####


You could see Urug, Joseph (ally target), 2 yaks, an orc and 3 friendly yaks.

Vanquished Creatures
  An unseen horror (D:10)
  Prince Ribbit (D:5)
  A yak (D:10)
  An orc warrior (D:10)
  An ogre (D:6)
  2 centaurs
  A kobold brigand (D:8)
  A scorpion (D:5)
  3 wights (D:6)
  3 killer bees (D:5)
  A jelly (D:4)
  A hound (D:7)
  2 gnoll boudas
  3 iguanas
  A sleepcap (D:5)
  Terence (D:2)
  Ijyb (D:5)
  14 gnolls
  8 adders
  2 white imps
  A dart slug (D:3)
  3 orcs
  9 ball pythons
  5 endoplasms
  3 giant cockroaches
  8 goblins
  5 hobgoblins
  A jackal (D:4)
  4 kobolds
  2 quokkas
  7 bats
  4 frilled lizards
  2 rats
103 creatures vanquished.

Vanquished Creatures (collateral kills)
  Blork the orc (D:5)
  A wight (D:6)
  3 killer bees (D:5)
  A howler monkey (D:6)
  An orc priest (D:5)
  2 hounds (D:6)
  2 orc wizards
  An adder (D:4)
  4 orcs
  A jackal (D:4)
17 creatures vanquished.

Vanquished Creatures (others)
  3 orc priests
  2 orc warriors
  2 shadow imps (D:3)
  14 orcs
  A giant cockroach (D:4)
  2 jackals (D:4)
24 creatures vanquished.

Grand Total: 144 creatures vanquished

Notes
Turn   | Place    | Note
-------+----------+-------------------------------------------
     0 | D:1      | Gergoth the Hill Orc Monk began the quest for the Orb.
     0 | D:1      | Reached XP level 1. HP: 19/19 MP: 1/1
   238 | D:1      | Reached XP level 2. HP: 21/27 MP: 2/2
   650 | D:1      | Found a faded altar of an unknown god.
   821 | D:2      | Noticed Terence
   872 | D:2      | Reached skill level 1 in Armour
   872 | D:2      | Reached XP level 3. HP: 29/33 MP: 3/3
   950 | D:3      | Found a transporter.
   970 | D:3      | Found a transporter.
   992 | D:3      | Became a worshipper of Beogh the Brigand
   992 | D:3      | Reached * piety under Beogh
   992 | D:3      | Reached ** piety under Beogh
  1682 | D:2      | Reached XP level 4. HP: 35/41 MP: 4/4
  1685 | D:2      | Reached skill level 5 in Axes
  2080 | D:2      | Killed Terence
  2081 | D:2      | Reached XP level 5. HP: 8/47 MP: 5/5
  2267 | D:2      | Reached skill level 5 in Fighting
  2333 | D:2      | Reached skill level 1 in Invocations
  2878 | D:3      | Reached XP level 6. HP: 53/56 MP: 7/7
  3285 | D:4      | Found an opulent altar of Gozag.
  3285 | D:4      | Found a sacrificial altar of Ru.
  3313 | D:4      | Reached *** piety under Beogh
  3337 | D:4      | Reached skill level 6 in Axes
  3776 | D:4      | Found a radiant altar of Vehumet.
  3896 | D:5      | Entered Level 5 of the Dungeon
  3897 | D:5      | Noticed Blork the orc
  3902 | D:5      | Killed Blork the orc
  3903 | D:5      | Reached XP level 7. HP: 42/62 MP: 8/8
  4109 | D:5      | Found an ancient bone altar of Kikubaaqudgha.
  4133 | D:5      | Reached skill level 7 in Axes
  4533 | D:5      | Noticed Prince Ribbit
  4561 | D:5      | Killed Prince Ribbit
  4562 | D:5      | Reached XP level 8. HP: 46/71 MP: 10/10
  4672 | D:5      | Noticed Ijyb
  4690 | D:5      | Killed Ijyb
  4842 | D:5      | Identified the +6 dagger of the Wizarding Wolf {flame,
                  | +Blink rCorr}
  5142 | D:6      | Found a staircase to the Ecumenical Temple.
  5322 | D:6      | Reached skill level 8 in Axes
  5380 | D:6      | Found Zik Peq's Armour Boutique.
  6717 | D:8      | Identified the amulet "Fovohiw" {Reflect rN+ Int+4 Dex-5
                  | SH+5}
  6942 | D:8      | You fall into a shaft and drop 2 floors!
  6942 | D:10     | Entered Level 10 of the Dungeon
  6959 | D:9      | Noticed a cyan ugly thing
  6998 | D:10     | Noticed a yak
  6998 | D:10     | Noticed a yak
  7026 | D:10     | Noticed an unseen horror
  7030 | D:10     | Noticed Joseph
  7030 | D:10     | Noticed a five-headed hydra
  7033 | D:10     | Killed a yak
  7034 | D:10     | Reached XP level 9. HP: 40/81 MP: 12/12
  7035 | D:10     | Killed an unseen horror
  7036 | D:10     | Reached skill level 9 in Axes
  7036 | D:10     | Reached skill level 5 in Invocations
  7118 | D:10     | Noticed Urug
  7119 | D:10     | Shot with a sling bullet by Joseph

Illustrated notes

Levels and vault maps discovered:
D:1:      saegor_arrival_simple_c, layout_loops_ring, basic_ecumenical_altar
D:2:      layout_loops_ring, uniq_terence
D:3:      gammafunk_wand_slinger, layout_loops_cross, kennysheep_generic_room_15
D:4:      layout_rooms, fiery_altar_vehumet, gammafunk_temple_overflow_statue,
          minmay_misc_feat_enclosed, chequers_arboretum
D:5:      layout_loops_cross, kiku_gazebo_garden_becter, uniq_prince_ribbit1,
          uniq_blork_the_orc, uniq_ijyb
D:6:      layout_rooms, temple_fountains, serial_shops, shop_fountains
D:7:      layout_cave_pods, uniq_pikel
D:8:      layout_layer_cave
D:9:      nzn_winding_woodlands_cross [nzn_winding_woodlands_5x15_concentric,
          nzn_winding_woodlands_5x15_crooked, nzn_winding_woodlands_5x15_twine,
          nzn_winding_woodlands_5x15_pathside_ponds,
          nzn_winding_woodlands_15x15_boxy_spiral], layout_gridville,
          okawaru_altar_gauntlet_db, zin_statuary, david_lair_generic,
          chequers_serial_rivers_marsh, kennysheep_another_room, uniq_harold,
          uniq_erica, uniq_maggie
D:10:     lemuel_bear_cage, layout_loops_cross, lemuel_tele_altar,
          mainiacjoe_overflow_surrounded_room, hiddenorc1_lemuel, uniq_urug,
          uniq_joseph

Skill      XL: |  1  2  3  4  5  6  7  8  9 |
---------------+----------------------------+-----
Fighting       | 4 5 6 8 |  8.4
Armour         | 1 2 3 4 |  4.8
Axes           | 5 6 7 8 9 |  9.3
Dodging        | 3 4 |  4.4
Invocations    | 1 2 3 4 5 |  5.0

Action                     |  1- 3 |  4- 6 |  7- 9 || total
---------------------------+-------+-------+-------++-------
  Melee: Hand axe          |   130 |   179 |   186 ||   495
 Invoke: Convert to Beogh  |     1 |       |       ||     1
         Smiting           |       |       |     5 ||     5
  Evoke: Wand              |       |       |     5 ||     5
    Use: Scroll            |     1 |     4 |    11 ||    16
         Potion            |       |     2 |     3 ||     5
 Armour: Robe              |    23 |       |       ||    23
         Plate armour      |    77 |   206 |   234 ||   517
  Dodge: Dodged            |    53 |    43 |    73 ||   169
  Block: Orb               |       |       |    11 ||    11
         Reflection        |       |       |     2 ||     2

Table legend: (Time is in decaauts)
 A = Elapsed time spent in this place.
 B = Non-inter-level travel time spent in this place.
 C = Inter-level travel time spent in this place.
 D = Time resting spent in this place.
 E = Time spent auto-exploring this place.
 F = Levels seen in this place.
 G = Mean time per level.
                   A        B        C        D        E       F      G
               +--------+--------+--------+--------+--------+-----+--------+
         Total |   7123 |   7001 |    122 |   1521 |   3230 |  10 |  712.3 |
       Dungeon |   7123 |   7001 |    122 |   1521 |   3230 |  10 |  712.3 |
               +--------+--------+--------+--------+--------+-----+--------+

Top non-repeatable levels by time:
     D:2: 1366 daAuts
     D:5: 1168 daAuts
     D:3: 947 daAuts
     D:1: 847 daAuts
     D:6: 763 daAuts
     D:4: 755 daAuts
     D:8: 643 daAuts
     D:7: 456 daAuts
    D:10: 174 daAuts
     D:9: 1 daAuts
